 Dungeon Crawl Stone Soup version 0.19.5 (webtiles) character file.

1235 McKennaii the Thaumaturge (level 8, -4/42 HPs)
             Began as a Deep Elf Fire Elementalist on May 16, 2017.
             Was an Initiate of Vehumet.
             Slain by Duvessa
             ... wielding a +0 short sword of venom
              (13 damage)
             ... on level 6 of the Dungeon.
             The game lasted 00:08:39 (3596 turns).

McKennaii the Thaumaturge (DEFE)                    Turns: 3596, Time: 00:08:40

Health: -4/42      AC:  4    Str:  5    XL:     8   Next: 24%
Magic:  1/22       EV: 14    Int: 23    God:    Vehumet [......]
Gold:   292        SH:  0    Dex: 15    Spells: 4 memorised, 12 levels left

rFire  . . .     SeeInvis .     (no weapon)
rCold  . . .     Gourm    .     a - +1 robe
rNeg   . . .     Faith    .     (no shield)
rPois  +         Spirit   .     (no helmet)
rElec  .         Reflect  .     v - +0 cloak
rCorr  .         Harm     .     (no gloves)
MR     .....                    (no boots)
Stlth  ++........               (no amulet)
                                d - ring of wizardry
                                r - ring of poison resistance

@: no status effects
A: no striking features
a: Renounce Religion


You were on level 6 of the Dungeon.
You worshipped Vehumet.
Vehumet was noncommittal.
You were not hungry.

You visited 2 branches of the dungeon, and saw 7 of its levels.

You collected 292 gold pieces.

Inventory:

Armour
 a - a +1 robe (worn)
 v - a +0 cloak (worn)
 B - the +3 scale mail of the Pink Corner {+Blink +Fly Str+2 Dex-3}
   (You found it on level 5 of the Dungeon)

   It affects your strength (+2).
   It affects your dexterity (-3).
   It lets you fly.
   It lets you blink.
Jewellery
 d - a ring of wizardry (right hand)
 k - a +3 ring of evasion
 r - a ring of poison resistance (left hand)
 s - an uncursed ring of positive energy
 z - an uncursed ring of flight
Wands
 A - a wand of slowing (19/48)
Scrolls
 f - a scroll of enchant weapon
 i - 4 scrolls of identify
 l - a scroll of amnesia
 m - a scroll of fog
 o - a scroll of enchant armour
 u - a scroll of random uselessness {unknown}
 x - a scroll of remove curse
 y - 2 scrolls of recharging {unknown}
Potions
 e - a potion of might
 h - 4 potions of curing
 n - a potion of degeneration {unknown}
 q - a potion of haste {unknown}
 t - 2 potions of magic {unknown}
 w - a potion of brilliance {unknown}
 E - a potion of flight {unknown}
Books
 b - a book of Flames

   Spells                             Type                      Level
   a - Flame Tongue                   Conjuration/Fire             1
   b - Throw Flame                    Conjuration/Fire             2
   c - Conjure Flame                  Conjuration/Fire             3
   d - Inner Flame                    Hexes/Fire                   3
   e - Sticky Flame                   Conjuration/Fire             4
   f - Fireball                       Conjuration/Fire             5
Comestibles
 c - 3 bread rations
 g - a royal jelly
 j - 3 meat rations
 p - 4 fruits
 C - a beef jerky
 D - a chunk of flesh


   Skills:
 + Level 0.5 Fighting
 + Level 3.9 Dodging
 + Level 3.6 Stealth
 + Level 8.2 Spellcasting
 + Level 5.5 Conjurations
 + Level 6.3 Fire Magic
 + Level 0.4 Evocations


You had 12 spell levels left.
You knew the following spells:

 Your Spells              Type           Power        Failure   Level  Hunger
a - Flame Tongue          Conj/Fire      #####        1%          1    None
b - Throw Flame           Conj/Fire      #####.       1%          2    None
c - Conjure Flame         Conj/Fire      #####...     1%          3    None
f - Fireball              Conj/Fire      #####.....   7%          5    #####..


Dungeon Overview and Level Annotations

Branches:
Dungeon (6/15)             Temple (1/1) D:4

Altars:
Cheibriados
Dithmenos
Fedhas
Gozag
Makhleb
Qazlal
Sif Muna
Trog
Vehumet
Xom
Yredelemnul
Zin
The Shining One

Annotations:
D:6 Duvessa


Message History

Confirm with . or Enter, or press ? or * to list all spells.
You don't have enough magic to cast that spell.
Okay, then.
Okay, then.
Okay, then.
Okay, then.
Okay, then.
It was a potion of curing.
You feel better.
Duvessa hits you with a short sword of venom!
* * * LOW HITPOINT WARNING * * *
You feel better.
Duvessa hits you with a short sword of venom.
* * * LOW HITPOINT WARNING * * *
Duvessa hits you but does no damage.
Duvessa hits you with a short sword of venom!
* * * LOW HITPOINT WARNING * * *
You are lethally poisoned!
You feel better.
Duvessa hits you with a short sword of venom!
You die...

##### #...# #### #._.#
...###...#### #8.#...#.8#
.. ##..†.@e...####... ...
#....#'#....)..... #..#
###....#.#Z..####...
#...#
###.....†###...?....?
#..##...##.........####..
# #...........#.#.!#.#
..###^..#####.#......#
...........##.....#....
...........######.#....


You could see Duvessa (berserk) and a bullfrog skeleton.

Vanquished Creatures
  The ghost of raetorn the Skirmisher, a novice VSBe of Trog (D:5)
  A human (D:6)
  A sky beast (D:5)
  A centaur (D:5)
  An ogre (D:5)
  Dowan (D:6)
  A howler monkey (D:4)
  A quasit (D:5)
  A hound (D:4)
  2 jellies (D:5)
  An orc wizard (D:5)
  2 iguanas
  Natasha (D:4)
  4 worker ants
  A worker ant zombie (D:5)
  10 adders
  2 shadow imps (D:5)
  2 oozes (D:3)
  2 worms
  3 dart slugs
  6 orcs
  7 bats
  6 giant cockroaches
  4 goblins
  6 hobgoblins
  3 jackals
  5 kobolds
  A quokka (D:2)
  5 frilled lizards
  A jackal zombie (D:6)
  A kobold zombie (D:6)
  A leopard gecko skeleton (D:4)
  6 rats
91 creatures vanquished.

Notes
Turn   | Place    | Note
-------+----------+-------------------------------------------
     0 | D:1      | McKennaii the Deep Elf Fire Elementalist began the quest for the Orb.
     0 | D:1      | Reached XP level 1. HP: 10/10 MP: 6/6
   210 | D:1      | Reached XP level 2. HP: 15/15 MP: 6/8
   778 | D:2      | Reached XP level 3. HP: 13/19 MP: 2/10
   782 | D:2      | Learned a level 2 spell: Throw Flame
   786 | D:2      | Learned a level 3 spell: Conjure Flame
   924 | D:2      | Reached skill level 4 in Spellcasting
  1268 | D:3      | Reached XP level 4. HP: 18/24 MP: 8/12
  1970 | D:4      | Found a staircase to the Ecumenical Temple.
  1987 | D:4      | Reached XP level 5. HP: 28/28 MP: 7/13
  2165 | D:4      | Learned a level 5 spell: Fireball
  2211 | D:4      | Reached skill level 5 in Spellcasting
  2491 | D:4      | Noticed Natasha
  2494 | D:4      | Killed Natasha
  2494 | D:4      | Reached XP level 6. HP: 32/32 MP: 11/16
  2640 | Temple   | Entered the Ecumenical Temple
  2666 | Temple   | Became a worshipper of Vehumet
  2725 | D:5      | Entered Level 5 of the Dungeon
  2816 | D:5      | Reached skill level 5 in Fire Magic
  2830 | D:5      | Reached skill level 6 in Spellcasting
  2951 | D:5      | Noticed raetorn's ghost (novice VSBe)
  2970 | D:5      | Killed raetorn's ghost
  2970 | D:5      | Reached skill level 7 in Spellcasting
  2970 | D:5      | Reached XP level 7. HP: 36/36 MP: 1/19
  3113 | D:5      | Got a dazzling scale mail
  3145 | D:5      | Identified the +3 scale mail of the Pink Corner {+Blink +Fly Str+2 Dex-3} (You found it on level 5 of the Dungeon)
  3276 | D:5      | Reached skill level 5 in Conjurations
  3276 | D:5      | Reached XP level 8. HP: 27/42 MP: 11/21
  3506 | D:6      | Found a runed door.
  3515 | D:6      | Found a basalt altar of Yredelemnul.
  3536 | D:6      | Reached skill level 8 in Spellcasting
  3583 | D:6      | Noticed Dowan
  3586 | D:6      | Noticed Duvessa
  3587 | D:6      | Killed Dowan
  3596 | D:6      | Slain by Duvessa

Skill      XL: |  1  2  3  4  5  6  7  8 |
---------------+-------------------------+-----
Spellcasting   | 4 5 7 8 |  8.2
Fire Magic     | 4 5 6 |  6.3
Conjurations   | 2 3 4 5 |  5.5
Stealth        | 3 |  3.6
Dodging        | 3 |  3.9
Fighting       | |  0.5
Evocations     | |  0.4

Action                   |  1- 3 |  4- 6 |  7- 9 || total
-------------------------+-------+-------+-------++-------
Melee: Unarmed           |     4 |       |       ||     4
 Cast: Flame Tongue      |    51 |   103 |    39 ||   193
       Throw Flame       |       |     5 |     9 ||    14
       Conjure Flame     |       |     1 |       ||     1
       Fireball          |       |       |     5 ||     5
 Abil: Evoke Blink       |       |       |     1 ||     1
  Use: Scroll            |     1 |     6 |       ||     7
       Potion            |       |       |     3 ||     3
  Eat: Chunk             |     1 |     3 |       ||     4
       Bread ration      |       |       |     1 ||     1
       Fruit             |       |       |     1 ||     1
Armor: Robe              |     4 |    10 |     2 ||    16
Dodge: Dodged            |    20 |    31 |    10 ||    61
